 Dungeon Crawl Stone Soup version 0.31-a0-180-g519b7de00c (webtiles) character file.

Game seed: 5666886342884990908

656 qw the Shooter (level 7, -2/64 HPs)
             Began as a Naga Hunter on June 20, 2023.
             Slain by a lemure (4 damage)
             ... led by Pikel
             ... on level 5 of the Dungeon.
             The game lasted 00:01:19 (2554 turns).

qw the Shooter (Naga Hunter)                        Turns: 2554, Time: 00:01:20

Health: -2/64      AC: 12    Str: 14    XL:     7   Next: 55%
Magic:  7/7        EV: 10    Int:  9    God:
Gold:   183        SH:  0    Dex: 16    Spells: 6/6 levels left

rFire   . . .        Y - +0 shortbow (flame)
rCold   . . .        (shield currently unavailable)
rNeg    . . .        c - +0 leather armour
rPois   +            (no helmet)
rElec   .            (no cloak)
rCorr   .            m - +2 pair of gloves
SInv    +            (no barding)
Will    .....        (no amulet)
Stlth   ++           b - +4 ring of protection
HPRegen 0.30/turn    (no ring)
MPRegen 0.10/turn

%: no passive effects
@: short of breath, very slow
A: AC +2, large, see invisible, deformed body, poison resistance, slowness 2,
spit poison 2, naga tail 1, stinger 1, iridescent scales 1, subdued magic 1
a: Breathe Poison Gas


You were on level 5 of the Dungeon.
You visited 1 branch of the dungeon, and saw 5 of its levels.

You collected 183 gold pieces.


Innate Abilities, Weirdness & Mutations

Your serpentine skin is tough. (AC +2)
You have supernaturally acute eyesight. (SInv)
Armour fits poorly on your strangely shaped body.
Your system is resistant to poisons. (rPois)
You cover ground very slowly.
You can exhale a cloud of poison.
You have a snake-like lower body.
Your tail ends in a venomous barb.
You are partially covered in iridescent scales. (AC +2)
Your spells are a little easier to cast, but a little less powerful.


   Skills:
 - Level 4.2 Fighting
 + Level 7.1 Ranged Weapons
 - Level 2.4 Dodging
 - Level 1.5 Stealth


You had 6 spell levels left.
You didn't know any spells.
Your spell library was empty.

Inventory:

Hand Weapons
 Y - a +0 shortbow of flaming (weapon)
Armour
 c - a +0 leather armour (worn)
 m - a +2 pair of gloves (worn)
Jewellery
 b - a +4 ring of protection (left hand)
Scrolls
 d - 3 scrolls of identify
 h - 2 scrolls of fear {unknown}
Potions
 a - a potion of cancellation
 e - a potion of haste
 f - a potion of magic {unknown}
 g - a potion of curing
 i - a potion of might {unknown}

Dungeon Overview and Level Annotations

Branches:
Dungeon (5/15)
 Temple: D:4-7

Altars:
Fedhas
Ru

Annotations:
D:5 3 runed translucent doors, Pikel; Prince Ribbit; qw's ghost, novice GrHu


Message History

The arrow hits Pikel but does no damage.
The lemure hits you. Pikel barely misses you.
You shoot an arrow. The arrow barely misses Pikel.
The arrow hits the shadow imp.
The arrow burns the shadow imp.
The shadow imp is severely wounded.
The lemure hits you but does no damage. The lemure hits you.
Pikel closely misses you.
You shoot an arrow.
The arrow hits the shadow imp but does no damage.
The shadow imp is severely wounded.
The lemure hits you. x2
Pikel hits you with a +0 whip of freezing.
Pikel freezes you.
The shadow imp hits you but does no damage.
You shoot an arrow. The arrow hits the shadow imp!
The arrow burns the shadow imp.
You kill the shadow imp!
The lemure barely misses you. The lemure hits you but does no damage.
Pikel hits you with a +0 whip of freezing.
Pikel freezes you.
You shoot an arrow. The arrow hits Pikel.
The arrow burns Pikel.
Pikel is lightly wounded.
The lemure hits you. The lemure closely misses you.
The orc hits you but does no damage.
Pikel hits you with a +0 whip of freezing.
Pikel freezes you.
You shoot an arrow. The arrow barely misses Pikel.
The lemure hits you! x2; The orc hits you but does no damage.
Pikel hits you but does no damage.
You shoot an arrow. The arrow closely misses Pikel.
The lemure barely misses you. The orc closely misses you. The lemure hits you.
Pikel hits you with a +0 whip of freezing.
Pikel freezes you.
You shoot an arrow. The arrow hits Pikel.
The arrow burns Pikel.
Pikel is moderately wounded.
The lemure closely misses you. The lemure hits you but does no damage.
The orc hits you with a +0 club. Pikel closely misses you.
You shoot an arrow. The arrow barely misses Pikel.
The lemure hits you but does no damage. The lemure hits you.
You die...

.. .# .. ..# # #. ...#
#.####.####...#
.........#...
.........'. ......oK5#
.......@5#....#
###.###..##...#
######..##...#
#.......##...#
#............# ####
##..##..##...#
##..########..##..##...#
.#...#.........#..##...#
.'...#.........+...'...#


You could see Pikel, 2 lemures and an orc.

Vanquished Creatures
  An ogre (D:5)
  2 lemures (D:5)
  A phantom (D:4)
  A scorpion (D:4)
  2 howler monkeys (D:5)
  3 hounds
  An orc priest (D:3)
  An iguana (D:5)
  An orc wizard (D:3)
  A gnoll (D:1)
  6 adders
  A shadow imp (D:5)
  4 worms
  2 dart slugs (D:2)
  13 orcs
  2 ball pythons (D:4)
  6 bats
  12 endoplasms
  2 giant cockroaches
  6 hobgoblins
  4 jackals (D:1)
  7 kobolds
  4 quokkas
  4 frilled lizards
  13 goblins
  4 rats
104 creatures vanquished.

Notes
Turn   | Place    | Note
-------+----------+-------------------------------------------
     0 | D:1      | qw the Naga Hunter began the quest for the Orb.
     0 | D:1      | Reached XP level 1. HP: 19/19 MP: 1/1
     0 | D:1      | 0 ||| qw: Version: 0.3-a-9-g12657ce
     0 | D:1      | 0 ||| qw: Game counter: 1164
     0 | D:1      | 0 ||| qw: Always use a shield: true
     0 | D:1      | 0 ||| qw: God list: Okawaru
     0 | D:1      | 0 ||| qw: Allow faded altars: false
     0 | D:1      | 0 ||| qw: Do Orc after D:15 true
     0 | D:1      | 0 ||| qw: Do second Lair branch before Depths: true
     0 | D:1      | 0 ||| qw: Lair rune preference: random
     0 | D:1      | 0 ||| qw: Plans: Normal
     0 | D:1      | 0 ||| PLANNING D:1-11
    20 | D:1      | 20 ||| INVOKING Spit Poison.
    26 | D:1      | 26 ||| INVOKING Spit Poison.
    28 | D:1      | HP: 3/19 [jackal (3)]
    29 | D:1      | HP: 1/19 [jackal (3)]
    31 | D:1      | Reached skill level 4 in Ranged Weapons
    31 | D:1      | Reached XP level 2. HP: 1/26 MP: 2/2
   148 | D:1      | 148 ||| INVOKING Spit Poison.
   158 | D:1      | 158 ||| INVOKING Spit Poison.
   204 | D:1      | 204 ||| INVOKING Spit Poison.
   213 | D:1      | 213 ||| INVOKING Spit Poison.
   215 | D:1      | Reached XP level 3. HP: 32/32 MP: 3/3
   217 | D:1      | 217 ||| INVOKING Spit Poison.
   238 | D:1      | 238 ||| INVOKING Spit Poison.
   244 | D:1      | 244 ||| INVOKING Spit Poison.
   258 | D:1      | 258 ||| INVOKING Spit Poison.
   430 | D:1      | 430 ||| INVOKING Spit Poison.
   515 | D:1      | 515 ||| READING scroll labelled TUUSUYHUDGHA.
   516 | D:1      | 516 ||| READING scroll labelled XUDOEMAPOM.
   521 | D:1      | 521 ||| DRINKING 2 fuming blue potions.
   521 | D:1      | Gained mutation: You are frail. (-10% HP) [potion of
                  | mutation]
   522 | D:1      | 522 ||| DRINKING potion of mutation.
   522 | D:1      | Lost mutation: You are frail. (-10% HP) [potion of
                  | mutation]
   522 | D:1      | Gained mutation: Your tail ends in a venomous barb. [potion
                  | of mutation]
   522 | D:1      | Gained mutation: Your spells are a little easier to cast,
                  | but a little less powerful. [potion of mutation]
   522 | D:1      | Gained mutation: You can exhale a cloud of poison. [potion
                  | of mutation]
   522 | D:1      | Gained mutation: You are partially covered in iridescent
                  | scales. (AC +2) [potion of mutation]
   536 | D:1      | 536 ||| DRINKING 2 blue potions.
   543 | D:1      | 543 ||| DROPPING scroll of butterflies.
   544 | D:1      | 544 ||| DROPPING potion of ambrosia.
   569 | D:2      | 569 ||| INVOKING Breathe Poison Gas.
   598 | D:2      | 598 ||| INVOKING Breathe Poison Gas.
   643 | D:2      | 643 ||| INVOKING Breathe Poison Gas.
   644 | D:2      | 644 ||| INVOKING Breathe Poison Gas.
   684 | D:2      | 684 ||| INVOKING Breathe Poison Gas.
   688 | D:2      | Reached skill level 5 in Ranged Weapons
   718 | D:2      | 718 ||| INVOKING Breathe Poison Gas.
   719 | D:2      | Reached XP level 4. HP: 39/39 MP: 4/4
   744 | D:2      | 744 ||| INVOKING Breathe Poison Gas.
   845 | D:2      | 845 ||| INVOKING Breathe Poison Gas.
   898 | D:2      | 898 ||| INVOKING Breathe Poison Gas.
   959 | D:2      | 959 ||| UPGRADING to +4 ring of protection.
   960 | D:2      | 960 ||| READING scroll labelled WUHERU XUIFFOINLE.
   961 | D:2      | 961 ||| DRINKING 4 fuming silvery potions.
   976 | D:2      | 976 ||| READING 2 scrolls of identify.
   976 | D:2      | 976 ||| IDENTIFYING white potion
   977 | D:2      | 977 ||| DROPPING 3 potions of lignification.
   997 | D:3      | 997 ||| INVOKING Breathe Poison Gas.
  1020 | D:3      | 1020 ||| INVOKING Breathe Poison Gas.
  1138 | D:3      | 1138 ||| INVOKING Breathe Poison Gas.
  1142 | D:3      | Reached skill level 3 in Fighting
  1180 | D:3      | 1180 ||| INVOKING Breathe Poison Gas.
  1181 | D:3      | Reached XP level 5. HP: 49/49 MP: 5/5
  1194 | D:3      | 1194 ||| Stepping ~*~*~tactically~*~*~ (outnumbered).
  1203 | D:3      | 1203 ||| INVOKING Breathe Poison Gas.
  1218 | D:3      | 1218 ||| INVOKING Breathe Poison Gas.
  1305 | D:3      | Found a sacrificial altar of Ru.
  1350 | D:3      | 1350 ||| INVOKING Breathe Poison Gas.
  1493 | D:3      | 1493 ||| UPGRADING to +0 pair of gloves.
  1498 | D:3      | 1498 ||| UPGRADING to +2 pair of gloves.
  1508 | D:3      | 1508 ||| DROPPING +0 pair of gloves.
  1509 | D:3      | 1509 ||| READING scroll labelled RISE ZUODIRUAPT.
  1510 | D:3      | 1510 ||| READING scroll labelled ROEDUHE ZEASA.
  1511 | D:3      | 1511 ||| READING scroll labelled ZISAUK UGHITAE.
  1612 | D:3      | 1612 ||| READING scroll labelled GEINAURPHEX.
  1613 | D:3      | 1613 ||| DRINKING 2 puce potions.
  1614 | D:3      | 1614 ||| DRINKING 2 clear potions.
  1615 | D:3      | 1615 ||| READING 2 scrolls of identify.
  1615 | D:3      | 1615 ||| IDENTIFYING cyan potion
  1616 | D:3      | 1616 ||| DROPPING potion of brilliance.
  1617 | D:3      | 1617 ||| DROPPING potion of attraction.
  1630 | D:4      | 1630 ||| INVOKING Breathe Poison Gas.
  1632 | D:4      | 1632 ||| STAIRDANCE
  1681 | D:4      | Noticed a phantom
  1689 | D:4      | Killed a phantom
  1690 | D:4      | Reached skill level 6 in Ranged Weapons
  1690 | D:4      | Reached XP level 6. HP: 56/56 MP: 6/6
  1703 | D:4      | 1703 ||| INVOKING Breathe Poison Gas.
  1788 | D:4      | 1788 ||| INVOKING Breathe Poison Gas.
  1807 | D:4      | 1807 ||| INVOKING Breathe Poison Gas.
  1828 | D:4      | 1828 ||| INVOKING Breathe Poison Gas.
  1876 | D:4      | 1876 ||| INVOKING Breathe Poison Gas.
  1918 | D:4      | 1918 ||| INVOKING Breathe Poison Gas.
  1975 | D:4      | 1975 ||| INVOKING Breathe Poison Gas.
  1982 | D:4      | Found a blossoming altar of Fedhas.
  2012 | D:4      | 2012 ||| INVOKING Breathe Poison Gas.
  2032 | D:4      | 2032 ||| INVOKING Breathe Poison Gas.
  2274 | D:4      | 2274 ||| INVOKING Breathe Poison Gas.
  2328 | D:4      | 2328 ||| READING scroll labelled DAEZ NECENEJEI.
  2329 | D:4      | 2329 ||| READING 2 scrolls of identify.
  2329 | D:4      | 2329 ||| IDENTIFYING lumpy red potion
  2357 | D:5      | Entered Level 5 of the Dungeon
  2362 | D:5      | 2362 ||| INVOKING Breathe Poison Gas.
  2365 | D:5      | Reached XP level 7. HP: 64/64 MP: 7/7
  2383 | D:5      | Noticed Prince Ribbit
  2410 | D:5      | 2410 ||| INVOKING Breathe Poison Gas.
  2423 | D:5      | 2423 ||| INVOKING Breathe Poison Gas.
  2424 | D:5      | Reached skill level 7 in Ranged Weapons
  2462 | D:5      | 2462 ||| INVOKING Breathe Poison Gas.
  2465 | D:5      | Found a runed translucent gate.
  2466 | D:5      | Noticed qw's ghost (novice GrHu)
  2466 | D:5      | Found a runed translucent gate.
  2467 | D:5      | Found a runed translucent gate.
  2534 | D:5      | 2534 ||| INVOKING Breathe Poison Gas.
  2540 | D:5      | Noticed Pikel
  2551 | D:5      | HP: 16/64 [lemure[Pikel] (8)]
  2552 | D:5      | HP: 6/64 [lemure[Pikel] (3)]
  2553 | D:5      | HP: 2/64 [orc/+0 club (1)]
  2554 | D:5      | Slain by a lemure

Levels and vault maps discovered:
D:1:      amcnicky_arrival_double_pillar, layout_rooms, hangedman_decor_push,
          st_stairs_12
D:2:      layout_rooms
D:3:      layout_rooms, nicolae_ru_awakened_eye, lemuel_flame_loot_1
D:4:      layout_loops_cross, fedhas_ov_isle_minmay
D:5:      layout_gridville, minmay_temple_entry_mist,
          biasface_ghost_orc_armoury, hex_large, uniq_crazy_yiuf_cottage,
          uniq_pikel, uniq_prince_ribbit1

Skill      XL: |  1  2  3  4  5  6  7 |
---------------+----------------------+-----
Ranged Weapons | 4 5 6 7 |  7.1
Fighting       | 3 4 |  4.2
Dodging        | 2 |  2.4
Stealth        | |  1.5

Action                     |  1- 3 |  4- 6 |  7- 9 || total
---------------------------+-------+-------+-------++-------
   Fire: Shortbow          |    73 |   111 |    37 ||   221
Ability: Spit Poison       |    11 |       |       ||    11
         Breathe Poison Ga |     5 |    22 |     4 ||    31
    Use: Potion            |     3 |     3 |       ||     6
         Scroll            |     2 |     9 |       ||    11
 Armour: Leather armour    |     4 |    11 |    15 ||    30
  Dodge: Dodged            |     7 |    16 |    15 ||    38

Table legend:
 A = Non-vault XP
 B = Vault XP
 C = Vault XP percentage of total XP
 D = Non-vault monster count
 E = Vault monster count
 F = Vault count percentage of total count
                 A         B        C        D         E       F
            +---------+---------+-------+---------+---------+-------
      Total |     935 |       3 |   0.3 |     100 |       2 |   2.0
            +---------+---------+-------+---------+---------+-------
        D:1 |      56 |       3 |   5.1 |      27 |       2 |   6.9
        D:2 |      43 |       0 |   0.0 |      19 |       0 |   0.0
        D:3 |     139 |       0 |   0.0 |      25 |       0 |   0.0
        D:4 |     366 |       0 |   0.0 |      22 |       0 |   0.0
        D:5 |     331 |       0 |   0.0 |       7 |       0 |   0.0
            +---------+---------+-------+---------+---------+-------
